 Dungeon Crawl Stone Soup version 0.20.1-1-g8b1a95d (webtiles) character file.

1676 HammerPanzer the Quickloader (level 8, 0/70 HPs)
             Began as a Centaur Hunter on Oct 27, 2017.
             Slain by a wyvern (13 damage)
             ... on level 8 of the Dungeon.
             The game lasted 00:28:25 (7473 turns).

HammerPanzer the Quickloader (Centaur Hunter)       Turns: 7473, Time: 00:28:26

Health: 0/70       AC:  5    Str: 16    XL:     8   Next: 70%
Magic:  8/8        EV: 10    Int: 10    God:
Gold:   0          SH:  0    Dex: 11    Spells: 7/7 levels left

rFire    . . .     SeeInvis .   b - +0 short sword
rCold    . . .     Gourm    .   (no shield)
rNeg     . . .     Faith    .   r - +0 ring mail
rPois    .         Spirit   .   (no helmet)
rElec    .         Reflect  .   (no cloak)
rCorr    .         Harm     .   (no gloves)
MR       .....                  (no barding)
Stlth    ..........             (no amulet)
Regen    0.3/turn               (no ring)
MPRegen  0.2/turn               (no ring)

@: very quick
A: hooves 3, deformed body, speed 2, tough skin 3
a: no special abilities


You were on level 8 of the Dungeon.
You were not hungry.

You visited 2 branches of the dungeon, and saw 9 of its levels.

Inventory:

Hand Weapons
 b - a +0 short sword (weapon)
Missiles
 d - 38 bolts
Armour
 r - a +0 ring mail (worn)
Wands
 v - a wand of flame (28/48)
 A - a wand of confusion (22/48)
Scrolls
 e - 2 scrolls of magic mapping
 i - 6 scrolls of teleportation
 m - 3 scrolls of remove curse
 n - 2 scrolls of amnesia {unknown}
 o - a scroll of fear
 u - a scroll of noise {unknown}
 y - 2 scrolls of identify
 C - a scroll of enchant armour {unknown}
Potions
 c - a potion of heal wounds
 g - a potion of haste
 j - a potion of invisibility
 l - a potion of might
 q - a potion of magic {unknown}
 t - a potion of agility {unknown}
 w - a potion of curing {unknown}
 x - a potion of ambrosia {unknown}
 D - a potion of lignification {unknown}
Comestibles
 f - 3 bread rations
 k - 2 royal jellies
 p - a fruit
 s - 4 meat rations
 B - 9 chunks of flesh


   Skills:
 + Level 5.8 Fighting
   Level 9.8 Crossbows
 + Level 4.2 Dodging
 - Level 0.4 Stealth


You had 7 spell levels left.
You didn't know any spells.

Dungeon Overview and Level Annotations

Branches:
Dungeon (8/15)             Temple (1/1) D:6
   Lair: D:8-11

Altars:
Ashenzari
Dithmenos
Elyvilon
Fedhas
Gozag
Hepliaklqana
Kikubaaqudgha
Makhleb
Nemelex Xobeh
Okawaru
Qazlal
Ru
Sif Muna
Trog
Uskayaw
Vehumet
Xom
Zin

Shops:
D:7 }

Annotations:
D:7 Joseph, Menkaure
D:8 Maurice


Innate Abilities, Weirdness & Mutations

You have hooves in place of feet.
Armour fits poorly on your strangely shaped body.
You cover ground very quickly.
You have extremely tough skin. (AC +3)


Message History

You hit something. Your kick misses something.
You hear some strange, mumbled words.
A wyvern comes into view.
You see here 5 bolts.
Wield which item (- for none, * to show all)? (? for menu, Esc to quit)
Okay, then.
d - 33 bolts (gained 5)
The wyvern hisses angrily.
You see here a bolt.
Wield which item (- for none, * to show all)? (? for menu, Esc to quit)
Okay, then.
d - 34 bolts (gained 1)
Things that are here:
3 bolts; a hound corpse
d - 37 bolts (gained 3)
You see here a bolt.
d - 38 bolts (gained 1)
You see here a bolt.
The wyvern bites you!
You die...

#.......#
#.......# .
#.......# ..
#.......#
#..#.......#
#.........#
.........####
#<.....(.###
##.###(.<((..@(#
.........(..###l#
.##.....##..#⌠#†#
#.........###.#
########......#
#...#### #####


You could see a wyvern.

Vanquished Creatures
  A hippogriff (D:7)
  Sigmund (D:2)
  The ghost of Monsterracer the Covered, an amateur DDFi (D:5)
  A black bear (D:5)
  3 ogres
  2 scorpions (D:4)
  2 crimson imps
  3 orc priests
  3 hounds
  A jelly (D:6)
  5 orc wizards
  An iguana (D:4)
  A bullfrog skeleton (D:5)
  A worker ant (D:5)
  Natasha (D:3)
  A killer bee zombie (D:5)
  7 adders
  8 gnolls
  A howler monkey skeleton (D:6)
  A shadow imp (D:7)
  2 oozes
  3 worms (D:4)
  2 dart slugs
  7 leopard geckos
  12 orcs
  A ball python (D:1)
  9 bats
  2 giant cockroaches
  6 goblins
  4 hobgoblins
  7 jackals
  9 kobolds
  2 quokkas (D:1)
  6 frilled lizards
  A jackal skeleton (D:5)
  A quokka skeleton (D:8)
  15 rats
134 creatures vanquished.

Notes
Turn   | Place    | Note
-------+----------+-------------------------------------------
     0 | D:1      | HammerPanzer the Centaur Hunter began the quest for the Orb.
     0 | D:1      | Reached XP level 1. HP: 17/17 MP: 1/1
   143 | D:1      | Reached XP level 2. HP: 22/24 MP: 2/2
   269 | D:1      | Reached skill level 5 in Crossbows
   619 | D:1      | Reached XP level 3. HP: 24/30 MP: 3/3
  1344 | D:2      | Reached XP level 4. HP: 37/37 MP: 4/4
  1623 | D:2      | Noticed Sigmund
  1649 | D:2      | Killed Sigmund
  1649 | D:2      | Reached skill level 6 in Crossbows
  1649 | D:2      | Reached XP level 5. HP: 2/45 MP: 5/5
  1649 | D:2      | Reached XP level 6. HP: 2/51 MP: 6/6
  2965 | D:3      | Noticed Natasha
  2988 | D:3      | Killed Natasha
  2988 | D:3      | Reached skill level 7 in Crossbows
  3045 | D:3      | Found a shimmering altar of Xom.
  3468 | D:5      | Entered Level 5 of the Dungeon
  3521 | D:4      | Reached XP level 7. HP: 25/59 MP: 7/7
  3816 | D:4      | Found a radiant altar of Vehumet.
  4575 | D:4      | Reached skill level 8 in Crossbows
  5013 | D:5      | Noticed Monsterracer's ghost (amateur DDFi)
  5078 | D:5      | Killed Monsterracer's ghost
  5078 | D:5      | Reached XP level 8. HP: 59/67 MP: 8/8
  5225 | D:5      | Reached skill level 5 in Fighting
  5430 | D:5      | You fall through a shaft for 2 floors!
  5481 | D:7      | Found an iron altar of Okawaru.
  5483 | D:7      | Noticed Menkaure
  5721 | D:7      | Noticed a hippogriff
  5749 | D:7      | Killed a hippogriff
  5749 | D:7      | Reached skill level 9 in Crossbows
  6247 | D:6      | Found a staircase to the Ecumenical Temple.
  6255 | Temple   | Entered the Ecumenical Temple
  6571 | D:6      | Found a shattered altar of Ashenzari.
  6573 | D:6      | Found an ancient bone altar of Kikubaaqudgha.
  6585 | D:6      | Found a sacrificial altar of Ru.
  7347 | D:7      | Found Kymempie's Gadget Emporium.
  7406 | D:7      | Noticed Joseph
  7426 | D:8      | Noticed Maurice
  7473 | D:8      | Slain by a wyvern

Skill      XL: |  1  2  3  4  5  6  7  8 |
---------------+-------------------------+-----
Crossbows      | 5 6 7 8 9 |  9.8
Dodging        | 2 3 4 |  4.2
Fighting       | 3 4 5 |  5.8
Stealth        | |  0.4

Action                   |  1- 3 |  4- 6 |  7- 9 || total
-------------------------+-------+-------+-------++-------
Melee: Short sword       |    33 |       |    22 ||    55
       Kick              |     4 |       |     2 ||     6
 Fire: Hand crossbow     |    57 |   115 |   197 ||   369
  Use: Scroll            |     7 |     2 |     2 ||    11
  Eat: Chunk             |       |     6 |     9 ||    15
       Fruit             |       |       |     1 ||     1
Armor: Leather armour    |    21 |     4 |       ||    25
       Ring mail         |       |     5 |    35 ||    40
       Robe              |       |     3 |       ||     3
Dodge: Dodged            |    40 |    14 |    39 ||    93
